Map: Oceanborn LE

Players

Wayne (Vanya)

  • Race: Zerg Zerg
  • League: Master
  • Spawn Location: 5:00

MaxPax - Winner!

  • Race: Protoss Protoss
  • League: Grandmaster
  • Spawn Location: 11:00

VOD

Have the link to the VOD?

Description

Time

  • Played on: Dec. 30, 2023, 7 a.m.
  • Length: 16:22
Show
View Real Time Build Order
Export as new Build Order

Wayne Zerg 

Build Orders: Hatch First, Lurkers 

Get SALT Encoding   

  12  0:00  Drone  
  13  0:12  Overlord  
  13  0:16  Drone  
  14  0:30  Drone x2  
  16  0:47  Hatchery  
  15  0:50  Drone  
  15  0:54  Drone  
  17  0:57  Drone  
  18  1:08  Extractor  
  17  1:12  Spawning Pool  
  17  1:17  Drone  
  17  1:20  Drone  
  18  1:29  Drone  
  19  1:39  Drone  
  20  1:50  Overlord  
  20  1:59  Queen x2  
  20  2:00  Zergling x4  
  26  2:11  Drone x2  
  26  2:14  Metabolic Boost  
  28  2:21  Drone x2  
  30  2:36  Hatchery  
  29  2:39  Drone  
  30  2:45  Queen  
  30  2:49  Overlord  
  32  2:54  Zergling x2  
  32  2:57  Zergling x2  
  32  2:58  Zergling x4  
  34  3:04  Drone  
  36  3:09  Drone x3  
  39  3:14  Queen  
  39  3:22  Overlord  
  39  3:24  Drone  
  39  3:25  Drone  
  41  3:28  Drone x2  
  43  3:43  Drone x6  
  48  3:50  Spore Crawler  
  48  3:52  Queen  
  49  3:55  Drone x2  
  49  4:02  Spore Crawler  
  49  4:03  Drone  
  49  4:04  Drone  
  51  4:10  Queen  
  51  4:15  Overlord  
  51  4:16  Drone x2  
  55  4:19  Zergling x4  
  55  4:23  Drone  
  58  4:27  Spore Crawler  
  58  4:28  Overlord  
  58  4:35  Zergling x14  
  65  4:38  Spore Crawler  
  64  4:46  Hatchery  
  64  4:51  Drone x4  
  67  4:56  Drone x2  
  67  4:57  Drone x2  
  71  5:04  Drone x3  
  72  5:13  Drone x4  
  69  5:17  Drone x5  
  69  5:21  Lair  
  74  5:25  Evolution Chamber  
  74  5:27  Drone, Roach Warren  
  73  5:32  Overlord  
  73  5:33  Drone  
  73  5:39  Overlord x2  
  73  5:41  Extractor  
  73  5:42  Extractor x2  
  70  5:44  Drone x3  
  70  5:45  Overlord  
  73  5:51  Drone  
  73  5:52  Drone x3  
  73  5:54  Overlord x3  
  78  5:57  Zergling x6  
  80  6:09  Drone  
  80  6:11  Drone  
  80  6:13  Zerg Missile Weapons Level 1  
  80  6:14  Roach x7  
  93  6:19  Drone x5  
  93  6:24  Glial Reconstitution  
  93  6:25  Overseer  
  98  6:29  Drone  
  98  6:31  Drone x4, Infestation Pit, Extractor  
  101  6:37  Overlord  
  101  6:40  Overlord  
  101  6:43  Overlord  
  101  6:45  Overlord  
  101  6:46  Roach x4  
  109  6:48  Drone  
  109  6:49  Drone x2  
  109  6:54  Extractor  
  111  6:55  Drone x3  
  111  6:56  Drone x3  
  117  7:03  Hydralisk Den  
  117  7:07  Drone x4  
  120  7:09  Hive, Extractor  
  120  7:10  Drone x2  
  120  7:11  Extractor  
  120  7:12  Roach x2  
  124  7:17  Roach  
  124  7:18  Roach x3  
  124  7:20  Overlord  
  132  7:24  Spore Crawler, Zergling x6  
  132  7:27  Roach  
  132  7:28  Roach x2  
  140  7:35  Drone x2  
  142  7:37  Lurker Den  
  142  7:39  Zergling x16  
  149  7:45  Overlord x2  
  149  7:47  Overlord  
  149  7:48  Hydralisk x2  
  150  7:59  Hydralisk x5  
  150  8:03  Muscular Augments  
  155  8:08  Zerg Missile Weapons Level 2  
  153  8:16  Zergling x22  
  164  8:25  Hydralisk x7  
  177  8:37  Seismic Spines  
  177  8:40  Lurker  
  177  8:41  Overlord, Lurker x3  
  181  8:42  Drone  
  182  8:49  Hatchery  
  182  8:50  Spine Crawler  
  182  8:51  Spine Crawler, Lurker  
  182  8:52  Drone  
  182  8:53  Spine Crawler, Drone  
  180  8:56  Overseer  
  180  9:00  Viper  
  159  9:11  Drone x3  
  159  9:12  Drone x2  
  160  9:18  Roach x12  
  183  9:24  Lurker x3  
  186  9:31  Overlord  
  186  9:34  Adaptive Talons  
  186  9:37  Lurker  
  186  9:42  Lurker  
  186  9:45  Overlord  
  185  9:47  Zergling x2  
  185  9:48  Hatchery, Zergling x10  
  185  9:50  Lurker x2  
  185  9:51  Zergling x8  
  185  9:52  Zergling x6  
  199  9:55  Spine Crawler x2  
  199  9:57  Spine Crawler  
  199  9:58  Hydralisk  
  199  9:59  Zergling x2  
  199  10:01  Grooved Spines  
  184  10:17  Hydralisk x8  
  191  10:22  Overlord  
  191  10:23  Drone x2  
  191  10:28  Overlord  
  191  10:32  Overlord  
  191  10:34  Overlord, Spire  
  185  10:37  Zerg Ground Armor Level 1  
  185  10:39  Drone x12  
  196  10:46  Spine Crawler  
  196  10:47  Spine Crawler  
  196  10:48  Spore Crawler  
  193  10:54  Spore Crawler x2  
  193  10:55  Extractor  
  193  10:56  Extractor  
  189  10:57  Lurker x2  
  189  10:58  Lurker x3  
  194  11:06  Overseer  
  194  11:07  Pneumatized Carapace  
  194  11:12  Viper  
  197  11:19  Overlord  
  197  11:21  Drone x3  
  197  11:23  Spine Crawler  
  199  11:25  Overlord  
  199  11:26  Overlord  
  199  11:27  Spine Crawler  
  199  11:28  Spine Crawler  
  199  11:29  Overlord  
  199  11:30  Overlord  
  199  11:31  Overlord  
  194  11:33  Lurker x4  
  198  11:41  Overlord  
  197  11:48  Spire  
  197  11:50  Drone, Adrenal Glands  
  197  11:52  Drone x2, Evolution Chamber  
  192  11:54  Drone  
  192  11:55  Drone x2  
  192  11:56  Drone x3  
  186  12:12  Overlord  
  186  12:14  Overlord  
  179  12:18  Drone x2  
  179  12:21  Drone  
  179  12:22  Drone x2  
  179  12:23  Drone x3  
  179  12:25  Zerg Melee Weapons Level 1  
  179  12:27  Drone x2, Spire, Hydralisk x8  
  179  12:28  Spire  
  179  12:38  Drone x3  
  179  12:39  Hydralisk x5  
  192  12:52  Hydralisk x4  
  199  12:59  Overlord  
  199  13:14  Overlord  
  196  13:20  Spore Crawler  
  196  13:21  Spore Crawler x2  
  196  13:23  Spore Crawler  
  196  13:26  Spore Crawler  
  188  13:31  Zergling x26  
  195  13:42  Drone x3  
  195  13:43  Drone  
  197  13:54  Hydralisk x6  
  197  13:55  Hydralisk x4  
  186  14:02  Corruptor x3  
  174  14:07  Drone x2  
  174  14:08  Drone x3  
  184  14:17  Spore Crawler  
  184  14:18  Spore Crawler, Corruptor x6  
  186  14:29  Corruptor x4  
  173  14:33  Drone x2, Spore Crawler  
  173  14:34  Drone  
  173  14:37  Spore Crawler, Drone x2  
  159  14:49  Drone x3  
  158  14:54  Corruptor x3  
  158  14:59  Viper  
  163  15:05  Drone x3  
  169  15:08  Spore Crawler x2  
  167  15:25  Drone  
  167  15:26  Viper x2  
  174  15:31  Corruptor x3  
  174  15:32  Overseer x2  
  180  15:36  Lurker x3  
  180  15:39  Overseer  
  180  15:40  Overseer x2  
  180  16:00  Drone x2  
  182  16:07  Drone x3  
Show
View Real Time Build Order
Export as new Build Order

MaxPax Protoss - Winner!

Build Orders: 1 Gate Expand, Oracle Opening 

Get SALT Encoding   

  12  0:00  Probe  
  13  0:12  Probe  
  14  0:19  Pylon  
  14  0:24  Probe (Chrono Boost)  
  15  0:37  Probe (Chrono Boost)  
  15  0:39  Gateway  
  16  0:45  Probe (Chrono Boost)  
  16  0:49  Assimilator  
  17  0:51  Probe  
  18  1:03  Probe  
  19  1:16  Probe  
  20  1:25  Nexus  
  20  1:35  Cybernetics Core  
  20  1:38  Probe  
  21  1:43  Assimilator  
  21  1:50  Probe  
  21  1:52  Pylon  
  22  2:02  Probe  
  23  2:09  Adept (Chrono Boost)  
  23  2:14  Probe  
  26  2:21  Stargate  
  26  2:26  Probe (Chrono Boost)  
  22  2:30  Adept (Chrono Boost)  
  27  2:37  Warp Gate, Probe (Chrono Boost)  
  31  2:44  Probe (Chrono Boost)  
  31  2:46  Probe (Chrono Boost)  
  33  2:51  Probe (Chrono Boost)  
  33  2:52  Adept  
  33  2:57  Probe  
  36  3:02  Probe  
  37  3:06  Oracle (Chrono Boost), Pylon  
  37  3:09  Probe  
  41  3:14  Probe  
  42  3:21  Probe  
  42  3:26  Probe  
  42  3:27  Gateway  
  42  3:33  Probe  
  42  3:34  Oracle (Chrono Boost)  
  43  3:39  Probe  
  47  3:51  Probe  
  47  3:52  Probe  
  48  4:00  Nexus  
  48  4:01  Pylon  
  48  4:03  Probe  
  48  4:04  Assimilator  
  48  4:05  Assimilator, Oracle (Chrono Boost)  
  52  4:11  Probe  
  52  4:15  Pylon, Probe  
  54  4:23  Probe  
  55  4:26  Adept x2  
  55  4:27  Probe  
  60  4:35  Probe  
  60  4:36  Twilight Council  
  61  4:39  Probe  
  61  4:41  Forge  
  62  4:47  Probe  
  62  4:48  Gateway x2  
  62  4:51  Probe  
  64  4:59  Probe  
  65  5:03  Probe  
  66  5:10  Blink (Chrono Boost)  
  63  5:15  Stalker x2, Probe (Chrono Boost)  
  63  5:16  Probe x2 (Chrono Boost)  
  63  5:19  Shield Battery  
  63  5:20  Protoss Ground Weapons Level 1 (Chrono Boost)  
  67  5:21  Oracle  
  67  5:25  Probe x2 (Chrono Boost)  
  67  5:27  Probe (Chrono Boost)  
  73  5:29  Pylon  
  73  5:30  Probe x2 (Chrono Boost)  
  74  5:36  Probe  
  74  5:42  Probe x2  
  77  5:46  Gateway  
  77  5:48  Robotics Facility, Probe  
  78  5:50  Gateway  
  78  5:54  Probe x2  
  80  6:00  Probe  
  80  6:02  Stalker x3  
  87  6:06  Probe x2  
  89  6:12  Probe  
  89  6:16  Stalker  
  92  6:18  Probe  
  92  6:19  Assimilator, Pylon  
  92  6:22  Assimilator  
  90  6:26  Pylon  
  90  6:27  Pylon  
  90  6:29  Pylon  
  90  6:37  Pylon  
  90  6:38  Robotics Facility  
  90  6:39  Stalker x3, Observer  
  97  6:46  Robotics Bay  
  97  6:50  Stalker x2  
  101  6:55  Stalker  
  101  6:57  Warp Prism  
  105  7:01  Charge (Chrono Boost)  
  105  7:04  Nexus  
  105  7:05  Pylon  
  105  7:06  Stalker  
  107  7:14  Stalker x3  
  113  7:21  Stalker x2  
  113  7:22  Probe x2  
  119  7:28  Photon Cannon  
  119  7:36  Colossus (Chrono Boost)  
  119  7:41  Colossus (Chrono Boost)  
  131  7:46  Probe  
  131  7:47  Probe x2  
  131  7:50  Pylon  
  134  7:51  Photon Cannon  
  134  7:53  Protoss Ground Weapons Level 2 (Chrono Boost)  
  134  7:54  Pylon  
  134  7:58  Probe  
  135  7:59  Zealot x2, Probe  
  135  8:04  Pylon  
  140  8:10  Extended Thermal Lance  
  140  8:11  Probe  
  139  8:15  Probe  
  139  8:18  Zealot x2  
  139  8:19  Zealot x3  
  150  8:21  Observer (Chrono Boost)  
  150  8:26  Colossus  
  147  8:28  Probe  
  147  8:32  Probe  
  147  8:33  Photon Cannon  
  155  8:35  Gateway  
  155  8:46  Zealot x6  
  167  8:57  Gateway  
  167  9:01  Probe  
  168  9:06  Gateway  
  168  9:07  Pylon  
  168  9:09  Zealot x6  
  174  9:11  Probe  
  174  9:16  Templar Archives  
  163  9:34  Probe  
  163  9:35  Probe x2, Immortal x2 (Chrono Boost)  
  163  9:36  Assimilator  
  168  9:38  Assimilator  
  168  9:40  Pylon  
  168  9:43  Forge  
  168  9:45  Zealot x6  
  174  9:49  Probe  
  174  9:50  Probe  
  174  9:55  Photon Cannon  
  174  9:56  Shield Battery  
  160  10:22  Zealot x2  
  160  10:23  Protoss Ground Weapons Level 3 (Chrono Boost)  
  160  10:26  Psionic Storm  
  160  10:27  High Templar x4, Immortal (Chrono Boost)  
  172  10:31  Immortal (Chrono Boost)  
  172  10:34  Zealot x3  
  172  10:37  Protoss Shields Level 1 (Chrono Boost)  
  172  10:40  Photon Cannon  
  166  10:47  Photon Cannon  
  166  10:48  Pylon  
  166  10:51  Probe  
  166  10:52  Immortal (Chrono Boost)  
  166  10:56  Immortal (Chrono Boost)  
  171  11:00  Photon Cannon  
  171  11:01  Shield Battery  
  171  11:02  Nexus  
  175  11:04  Pylon  
  171  11:16  Zealot  
  171  11:17  Stargate  
  173  11:19  Fleet Beacon  
  173  11:20  Probe x4  
  173  11:22  Photon Cannon  
  173  11:23  Shield Battery  
  173  11:24  Protoss Air Weapons Level 1 (Chrono Boost), Photon Cannon  
  177  11:31  Zealot x4  
  179  11:52  Pylon  
  179  11:53  Stargate  
  179  11:59  Zealot x9  
  181  12:13  Carrier (Chrono Boost)  
  179  12:21  Pylon  
  197  12:23  Carrier (Chrono Boost)  
  197  12:25  Mothership (Chrono Boost)  
  197  12:27  Zealot x3  
  197  12:34  Photon Cannon  
  197  12:36  Assimilator x2, Probe x2  
  189  12:39  Zealot, Photon Cannon  
  191  12:45  Carrier (Chrono Boost)  
  191  12:49  Zealot  
  199  12:56  Immortal (Chrono Boost)  
  197  13:03  Probe x3  
  200  13:06  Protoss Shields Level 2 (Chrono Boost)  
  198  13:23  Observer  
  199  13:36  Protoss Air Weapons Level 2 (Chrono Boost)  
  199  13:38  Photon Cannon  
  199  13:40  Pylon  
  193  13:54  Nexus  
  193  13:55  Observer, Pylon  
  187  13:56  Archon  
  187  14:00  Zealot  
  187  14:01  Zealot x7  
  195  14:24  Protoss Ground Armor Level 1 (Chrono Boost)  
  193  14:30  Carrier x2 (Chrono Boost)  
  197  14:38  Zealot  
  191  14:53  High Templar x4  
  191  14:59  Photon Cannon  
  193  15:00  Photon Cannon  
  193  15:01  Zealot x3  
  193  15:02  Photon Cannon  
  193  15:04  Photon Cannon  
  193  15:05  Dark Shrine  
  193  15:06  Shield Battery  
  197  15:07  Photon Cannon  
  197  15:09  Pylon  
  197  15:12  Photon Cannon  
  196  15:16  Oracle (Chrono Boost)  
  200  15:21  Observer  
  200  15:57  Assimilator, Observer  
  200  15:59  Assimilator  
Tags
 
Add a new tag
Caveats
  • Supply blocks, unpowered buildings, or Contaminate may cause inaccurate times.
  • Supply counts are checked every 10 seconds.